 Dungeon Crawl Stone Soup version 0.23-a0-650-ga4d50d4 (console) character file.

1290 Duffy the Firebug (level 8, 52/52 HPs)
             Began as a Demonspawn Fire Elementalist on Jan 2, 2019.
             Quit the game on level 6 of the Dungeon.
             The game lasted 00:08:14 (7803 turns).

Duffy the Firebug (Demonspawn Fire Elementalist)    Turns: 7803, Time: 00:08:15

Health: 52/52      AC: 10    Str:  8    XL:     8   Next: 30%
Magic:  16/16      EV: 11    Int: 20    God:
Gold:   386        SH:  0    Dex: 13    Spells: 10/18 levels left

rFire    . . .     SeeInvis .   p - +0 trident
rCold    . . .     Gourm    .   (no shield)
rNeg     . . .     Faith    .   B - +0 leather armour {rPois}
rPois    +         Spirit   .   (helmet restricted)
rElec    .         Reflect  .   (no cloak)
rCorr    +         Harm     +   i - +0 pair of gloves
MR       .....                  v - +0 pair of boots
Stlth    ++++......             w - amulet of harm
HPRegen  0.17/turn              n - +2 ring of protection
MPRegen  0.15/turn              y - ring of resist corrosion

@: no status effects
A: antennae 1, icy blue scales 2, nightstalker 2
a: no special abilities


You were on level 6 of the Dungeon.
You were not hungry.

You visited 1 branch of the dungeon, and saw 6 of its levels.

You collected 386 gold pieces.

Inventory:

Hand Weapons
 p - a +0 trident (weapon)
Armour
 i - a +0 pair of gloves (worn)
 m - a +1 leather armour of fire resistance
 v - a +0 pair of boots (worn)
 B - a +0 leather armour of poison resistance (worn)
Jewellery
 n - a +2 ring of protection (left hand)
 w - an amulet of harm (around neck)
 y - a ring of resist corrosion (right hand)
 C - an uncursed amulet of the acrobat {unknown}
Wands
 o - a wand of enslavement (6)
Scrolls
 b - a scroll of blinking {unknown}
 g - a scroll of enchant weapon
 h - 3 scrolls of teleportation
 j - a scroll of amnesia
 q - a scroll of enchant armour {unknown}
 r - 2 scrolls of remove curse
 s - 3 scrolls of noise {unknown}
 t - 2 scrolls of immolation {unknown}
 z - a scroll of fog
Potions
 a - a potion of mutation {unknown}
 d - a potion of agility
 e - a potion of resistance
 f - 2 potions of lignification
 k - 2 potions of curing
 l - 2 potions of flight
 u - 2 potions of cancellation
 x - a potion of ambrosia {unknown}
 A - a potion of brilliance {unknown}
Comestibles
 c - 10 rations


   Skills:
 - Level 1.7 Dodging
 - Level 1.7 Stealth
 + Level 5.6 Spellcasting
 + Level 5.8 Conjurations
 + Level 6.0 Fire Magic


You had 10 spell levels left.
You knew the following spells:

 Your Spells              Type           Power        Failure   Level  Hunger
h - Flame Tongue          Conj/Fire      ####.        1%          1    None
j - Sticky Flame          Conj/Fire      ####....     14%         4    ####...
l - Conjure Flame         Conj/Fire      ####....     4%          3    ##.....

Your spell library contained the following spells:

 Spells                   Type           Power        Failure   Level  Hunger
 Throw Flame              Conj/Fire      ####..       2%          2    None
 Inner Flame              Hex/Fire       ###.....     14%         3    ##.....
 Animate Skeleton         Necr           N/A          16%         1    None
 Apportation              Tloc           #.....       16%         1    None
 Confusing Touch          Hex            #.....       16%         1    None
 Summon Small Mammal      Summ           #...         16%         1    None
 Fireball                 Conj/Fire      ####......   36%         5    #####..


Dungeon Overview and Level Annotations

Branches:
Dungeon (6/15)
 Temple: D:4-7

Altars:
Cheibriados
Fedhas
Gozag
Qazlal
Trog
Uskayaw
Wu Jian
Zin


Innate Abilities, Weirdness & Mutations

You have a pair of small antennae on your head.
You are mostly covered in icy blue scales. (AC +3)
You are significantly more attuned to the shadows.


Message History

You kill the orc!
The orc barely misses you. The orc closely misses you.
Things that are here:
a cursed -2 flail; a +0 leather armour You hit the orc but do no damage.
The orc barely misses you.
You hit the orc.
You kill the orc!
Items here: % ( ))) [ You butcher the orc corpse.
D - a chunk of flesh
Items here: % ( ))) [
Things that are here:
a cursed -2 flail; a +0 leather armour Eating a chunk of flesh.
You eat the chunk of flesh.
This raw flesh tastes terrible.
Items here: ( ))) [ a +0 club; 3 tomahawks; a +0 leather armour; a +0 flail; a +0 whip
Found a battleaxe.
Are you sure you want to abandon this character and quit the game? (Confirm

............
......%......
.............
............. #..)...
....._....... #......
............. #......
#.........#. #....#
.._..}.._.#######....##
..........#....##@.....
.......................
....._.................
###......##............
.#######+##....####+###
.........##....##
................#
.##.(..(%)......#
.##.....).......#


There were no monsters in sight!

Vanquished Creatures
  Sigmund (D:4)
  A water moccasin (D:6)
  A phantom (D:6)
  A sky beast (D:5)
  An ogre (D:4)
  A scorpion (D:6)
  A howler monkey (D:5)
  3 jellies (D:2)
  A bullfrog zombie (D:6)
  3 hounds
  2 orc wizards (D:5)
  6 worker ants
  A hound zombie (D:5)
  A hound skeleton (D:4)
  A howler monkey zombie (D:5)
  2 adders
  2 shadow imps (D:5)
  11 oozes
  4 worms
  2 dart slugs (D:1)
  4 leopard geckos
  18 orcs
  5 giant cockroaches
  3 goblins (D:1)
  12 hobgoblins
  17 jackals
  18 kobolds
  2 quokkas
  5 bats
  4 frilled lizards
  A leopard gecko skeleton (D:4)
  6 rats
141 creatures vanquished.

Vanquished Creatures (others)
  4 fungi (D:2)
  6 toadstools (D:2)
10 creatures vanquished.

Grand Total: 151 creatures vanquished

Notes
Turn   | Place    | Note
-------+----------+-------------------------------------------
     0 | D:1      | Duffy the Demonspawn Fire Elementalist began the quest for
                  | the Orb.
     0 | D:1      | Reached XP level 1. HP: 13/13 MP: 3/3
   355 | D:1      | Gained mutation: You are slightly more attuned to the
                  | shadows. [demonic ancestry]
   355 | D:1      | Reached XP level 2. HP: 6/19 MP: 0/5
   815 | D:1      | Reached skill level 3 in Fire Magic
  1405 | D:1      | Reached XP level 3. HP: 24/24 MP: 4/6
  1417 | D:1      | Learned a level 3 spell: Conjure Flame
  2706 | D:2      | Reached XP level 4. HP: 30/30 MP: 3/8
  2742 | D:2      | Gained mutation: You are significantly more attuned to the
                  | shadows. [demonic ancestry]
  2742 | D:2      | Reached XP level 5. HP: 26/35 MP: 1/9
  3181 | D:3      | Reached skill level 4 in Fire Magic
  3316 | D:3      | Found a blossoming altar of Fedhas.
  3316 | D:3      | Found an ornate altar of the Wu Jian Council.
  3689 | D:3      | Learned a level 4 spell: Sticky Flame
  4679 | D:4      | Noticed an ogre
  4689 | D:4      | Killed an ogre
  4689 | D:4      | Gained mutation: You are partially covered in icy blue
                  | scales. (AC +2) [demonic ancestry]
  4689 | D:4      | Reached XP level 6. HP: 41/41 MP: 4/11
  5288 | D:4      | Noticed Sigmund
  5289 | D:4      | Found an opulent altar of Gozag.
  5294 | D:4      | Killed Sigmund
  5294 | D:4      | Gained mutation: You have a pair of small antennae on your
                  | head. [demonic ancestry]
  5294 | D:4      | Reached XP level 7. HP: 35/46 MP: 5/13
  5764 | D:5      | Entered Level 5 of the Dungeon
  5768 | D:5      | Reached skill level 5 in Fire Magic
  6071 | D:5      | Reached skill level 5 in Conjurations
  6309 | D:5      | Reached skill level 5 in Spellcasting
  6716 | D:5      | Found a snail-covered altar of Cheibriados.
  7286 | D:6      | Gained mutation: You are mostly covered in icy blue scales.
                  | (AC +3) [demonic ancestry]
  7286 | D:6      | Reached XP level 8. HP: 52/52 MP: 10/15
  7395 | D:6      | Found a stormy altar of Qazlal.
  7398 | D:6      | Found a bloodstained altar of Trog.
  7399 | D:6      | Found a glowing silver altar of Zin.
  7401 | D:6      | Found a hide-covered altar of Uskayaw.
  7568 | D:6      | Reached skill level 6 in Fire Magic
  7803 | D:6      | Quit the game

Vault maps used:
D:1:      grunt_arrival_crossed_arrows
D:2:      cheibrodos_fertilizer
D:3:      gammafunk_temple_overflow_pools, first_ration
D:4:      nicolae_gozag_seed_capital, chequers_serial_rivers_room_a,
          item_on_display_a, uniq_sigmund
D:5:      corexii_shack_village, slow_altar_1, st_stairs_8,
          kennysheep_cluttered_room
D:6:      grunt_temple_overflow_open

Skill      XL: |  1  2  3  4  5  6  7  8 |
---------------+-------------------------+-----
Fire Magic     | 3 4 5 6 |  6.0
Conjurations   | 2 3 4 5 |  5.8
Spellcasting   | 3 4 5 |  5.6
Dodging        | |  1.7
Stealth        | |  1.7

Action                   |  1- 3 |  4- 6 |  7- 9 || total
-------------------------+-------+-------+-------++-------
Melee: Unarmed           |    22 |       |       ||    22
       Club              |    22 |    23 |       ||    45
       Trident           |       |     6 |     6 ||    12
 Cast: Flame Tongue      |    76 |    93 |   113 ||   282
       Conjure Flame     |     1 |     5 |       ||     6
       Sticky Flame      |       |       |     3 ||     3
  Use: Scroll            |     9 |     3 |     1 ||    13
       Potion            |       |       |     1 ||     1
 Stab: Sleeping          |       |     1 |       ||     1
  Eat: Chunk             |     6 |     5 |     8 ||    19
       Ration            |       |     1 |       ||     1
Armor: Robe              |    13 |    10 |       ||    23
       Leather armour    |       |    11 |    25 ||    36
Dodge: Dodged            |    58 |    43 |    39 ||   140

Table legend:
 A = Non-vault XP
 B = Vault XP
 C = Vault XP percentage of total XP
 D = Non-vault monster count
 E = Vault monster count
 F = Vault count percentage of total count
                 A         B        C        D         E       F
            +---------+---------+-------+---------+---------+-------
      Total |    1328 |     516 |  28.0 |     110 |      31 |  22.0
            +---------+---------+-------+---------+---------+-------
        D:1 |      49 |       0 |   0.0 |      26 |       0 |   0.0
        D:2 |      21 |     212 |  91.0 |      12 |      19 |  61.3
        D:3 |      74 |       0 |   0.0 |      28 |       0 |   0.0
        D:4 |     333 |     208 |  38.4 |      15 |       1 |   6.2
        D:5 |     393 |      96 |  19.6 |      18 |      11 |  37.9
        D:6 |     458 |       0 |   0.0 |      11 |       0 |   0.0
            +---------+---------+-------+---------+---------+-------
